 Dungeon Sprint DCSS version 0.27.1-1-g398f81649c (webtiles) character file.

Game seed: 3169446785428581020

182 styxcanada the Covert (level 5, -8/28 HPs)
             Began as a Spriggan Brigand on Sept 15, 2021.
             Was an Initiate of Gozag.
             Mangled by a spriggan (19 damage)
             ... in the Dungeon (Sprint IV: "Fedhas' Mad Dash").
             The game lasted 00:01:45 (170 turns).

styxcanada the Covert (Spriggan Brigand)             Turns: 170, Time: 00:01:45

Health: -8/28      AC:  3    Str:  7    XL:     5   Next: 34%
Magic:  8/9        EV: 19    Int: 13    God:    Gozag
Gold:   194        SH:  0    Dex: 17    Spells: 5/8 levels left

rFire    . . .     SeeInvis +   a - +2 dagger
rCold    . . .     Faith    .   (shield restricted)
rNeg     . . .     Spirit   .   b - +0 robe
rPois    .         Reflect  .   (helmet restricted)
rElec    .         Harm     .   c - +0 cloak
rCorr    .         Rampage  .   (gloves unavailable)
Will     .....     NoTele   +   (boots unavailable)
Stlth    ++++++....             l - amulet of invisibility {+Inv}
HPRegen  0.09/turn              (no ring)
MPRegen  0.11/turn              (no ring)

@: very slightly contaminated, invisible (expiring), very quick
A: very small, no large weapons, unfitting armour, see invisible, speed 3
a: Renounce Religion, Evoke Invisibility, Potion Petition, Call Merchant, Bribe
Branch


You were in the Dungeon.
You worshipped Gozag.
Gozag was aware of your devotion.
You visited 1 branch You collected 194 gold pieces.

Inventory:

Hand Weapons
 a - a +2 dagger (weapon)
Missiles
 d - 5 poisoned darts (quivered)
 e - 2 curare-tipped darts
Armour
 b - a +0 robe (worn)
 c - a +0 cloak (worn)
Jewellery
 l - the amulet of invisibility (around neck) {+Inv}
   (You found it in the Dungeon)

   [amulet of nothing]

   +Inv:      It lets you turn invisible.
Scrolls
 k - a scroll of blinking
 m - a scroll of torment {unknown}
Potions
 f - 3 potions of curing
 g - a potion of heal wounds
 h - a potion of haste
 i - 2 potions of magic
 j - a potion of berserk rage
 n - a potion of ambrosia {unknown}


   Skills:
 * Level 3.2 Fighting
 + Level 3.0 Short Blades
 + Level 3.5 Throwing
 * Level 4.5 Dodging
 * Level 13.6 Stealth
 * Level 2.1 Spellcasting
 * Level 2.2 Hexes
 * Level 2.4 Evocations


You had 5 spell levels left.
You knew the following spells:

 Your Spells              Type           Power      Damage    Failure   Level
a - Confusing Touch       Hex            7%         N/A       30%         3

Your spell library contained the following spells:

 Spells                   Type           Power      Damage    Failure   Level
 Slow                     Hex            7%         N/A       16%         2
 Vampiric Draining        Necr           0%         2d6       58%         3


Dungeon Overview and Level Annotations

Branches:
Dungeon (1/1)

Altars:
Cheibriados
Dithmenos
Elyvilon
Gozag
Hepliaklqana
Kikubaaqudgha
Makhleb
Nemelex Xobeh
Okawaru
Qazlal
Ru
Sif Muna
Trog
Uskayaw
Vehumet
Wu Jian
Xom
Yredelemnul
Zin
The Shining One
Beogh
Jiyva
Lugonu


Innate Abilities, Weirdness & Mutations

You are very small and have problems with some larger weapons.
You are too small for most types of armour.
You have supernaturally acute eyesight. (SInv)
You cover ground extremely quickly. (Speed+++)


Message History

Your magical contamination has completely faded away.
You start resting.
Magic restored.
You fade into invisibility!
You are very lightly contaminated with residual magic.
You open the door.
A scorpion and 2 spriggans come into view.
Found 23 gold pieces.
Unknown command.
There is an open door here.
The spriggan shouts! x2
The spriggan hits you with a +0 rapier.
You see here 13 gold pieces.
The spriggan blocks your attack.
The spriggan hits you but does no damage.
The spriggan closely misses you.
You hit the spriggan.
The spriggan is moderately wounded.
The spriggan hits you with a +0 short sword!
There is an open door here.
There is an open door here.
You flicker for a moment.
The spriggan misses you.
There is a corrupted altar of Lugonu here.
Throw: 7 darts (poison)
Press: ? - help, Q - select action, (/) - cycle Shift-Dir - straight line, f - spriggan
Aim: a spriggan, wielding a +0 rapier, wearing a +0 robe and wearing a +0 buckler (34% to hit)
You throw a poisoned dart. The poisoned dart hits the spriggan.
The spriggan is poisoned.
There is an ancient bone altar of Kikubaaqudgha here.
Throw: 6 darts (poison)
Press: ? - help, Q - select action, (/) - cycle Shift-Dir - straight line, f/p - spriggan
Aim: a spriggan, wielding a +0 rapier, wearing a +0 robe and wearing a +0 buckler (lightly wounded, poisoned, 34% to hit)
You throw a poisoned dart.
The poisoned dart barely misses the spriggan.
The poisoned dart barely misses the scorpion.
The spriggan hits you with a +0 rapier!!
Ouch! That really hurt!
You die...
Your body crumbles into a pile of gold.

##############################
..#.....#.⌠._._._._.⌠.#..'$..#
..'.#...'.._._._@i._(s'(.#$.$#
..#.#...#..._._._i_...#..###+#
######+##.._._._._._..#..# $
#._._._._._.⌠.#### $
$############### $ $ $$ $


You could see 2 spriggans and a scorpion (wandering).

Vanquished Creatures
  A scorpion (D)
  3 oklob saplings (D)
  A river rat (D)
  A rat (D)
6 creatures vanquished.

Notes
Turn   | Place    | Note
-------+----------+-------------------------------------------
     0 | D        | styxcanada the Spriggan Brigand began the quest for the
                  | Orb.
     0 | D        | Reached XP level 1. HP: 10/10 MP: 2/2
    14 | D        | Reached skill level 8 in Stealth
    14 | D        | Reached XP level 2. HP: 15/15 MP: 3/3
    34 | D        | Noticed an oklob sapling
    36 | D        | Killed an oklob sapling
    37 | D        | Reached skill level 10 in Stealth
    37 | D        | Reached XP level 3. HP: 18/18 MP: 4/4
    38 | D        | Noticed a scorpion
    38 | D        | Found the amulet of invisibility {+Inv}
    51 | D        | Killed a scorpion
    52 | D        | Reached skill level 12 in Stealth
    52 | D        | Reached XP level 4. HP: 21/23 MP: 5/5
    81 | D        | Learned a level 3 spell: Confusing Touch
    89 | D        | Found an opulent altar of Gozag.
    89 | D        | Found a hazy altar of Hepliaklqana.
    89 | D        | Found a burning altar of Makhleb.
    89 | D        | Found a sparkling altar of Nemelex Xobeh.
    89 | D        | Found a snail-covered altar of Cheibriados.
    89 | D        | Found a sacrificial altar of Ru.
    89 | D        | Found a shimmering blue altar of Sif Muna.
    89 | D        | Found a shimmering altar of Xom.
    89 | D        | Found a basalt altar of Yredelemnul.
    90 | D        | Found a viscous altar of Jiyva.
    90 | D        | Found a bloodstained altar of Trog.
    90 | D        | Found an ornate altar of the Wu Jian Council.
    91 | D        | Found an iron altar of Okawaru.
    91 | D        | Found a shadowy altar of Dithmenos.
    91 | D        | Found a glowing silver altar of Zin.
    92 | D        | Found an ancient bone altar of Kikubaaqudgha.
    92 | D        | Found a hide-covered altar of Uskayaw.
    93 | D        | Found a stormy altar of Qazlal.
    93 | D        | Found a white marble altar of Elyvilon.
    93 | D        | Found a glowing golden altar of the Shining One.
    94 | D        | Became a worshipper of Gozag Ym Sagoz the Greedy
    95 | D        | Found a corrupted altar of Lugonu.
    95 | D        | Found a radiant altar of Vehumet.
    99 | D        | Reached skill level 13 in Stealth
    99 | D        | Reached skill level 1 in Spellcasting
    99 | D        | Reached skill level 1 in Hexes
    99 | D        | Reached skill level 1 in Evocations
    99 | D        | Reached XP level 5. HP: 28/28 MP: 3/8
   170 | D        | Mangled by a spriggan

Illustrated notes

Levels and vault maps discovered:
D:        dungeon_sprint_fedhas [sprint_temple]

Skill      XL: |  1  2  3  4  5 |
---------------+----------------+-----
Dodging        | 2 3 4 |  4.5
Stealth        | 8 10 12 13 | 13.6
Fighting       | 2 3 |  3.2
Throwing       | 3 |  3.5
Spellcasting   | 1 2 |  2.1
Hexes          | 1 2 |  2.2
Evocations     | 1 2 |  2.4
Short Blades   | 3 |  3.0

Action                   |  1- 3 |  4- 6 || total
-------------------------+-------+-------++-------
Melee: Dagger            |     2 |     4 ||     6
Throw: Dart              |    10 |     2 ||    12
 Abil: Evoke Invisibilit |       |     2 ||     2
 Stab: Sleeping          |     1 |     2 ||     3
Armor: Robe              |       |     1 ||     1
Dodge: Dodged            |       |     2 ||     2
